 Dungeon Crawl Stone Soup version 0.25-a0-435-g4b9beb1024 (webtiles) character file.

Game seed: 3030145780936266845, levelgen mode: deterministic

21365 Delarado the Grappler (level 12, -5/91 HPs)
             Began as a Gnoll Wanderer on Jan 29, 2020.
             Was an Initiate of Gozag.
             Slain by a death yak (21 damage)
             ... on level 2 of the Lair of Beasts on Jan 30, 2020.
             The game lasted 01:14:43 (20440 turns).

Delarado the Grappler (Gnoll Wanderer)             Turns: 20440, Time: 01:14:44

Health: -5/91      AC: 17    Str: 18    XL:     12   Next: 89%
Magic:  24/24      EV:  9    Int: 17    God:    Gozag
Gold:   908        SH:  0    Dex: 14    Spells: 27/27 levels left

rFire    . . .     SeeInvis +   a - +9 spear of the Dead {holy, SInv}
rCold    . . .     Gourm    .   (no shield)
rNeg     . . .     Faith    .   F - +1 plate armour
rPois    +         Spirit   .   (no helmet)
rElec    .         Reflect  .   z - +0 cloak
rCorr    .         Harm     .   L - +0 pair of gloves
MR       .....                  (no boots)
Stlth    ..........             w - amulet of the acrobat
HPRegen  0.25/turn              u - ring of poison resistance
MPRegen  0.19/turn              p - ring of stealth

@: no status effects
A: distributed training, fangs 1, strong nose
a: Potion Petition, Call Merchant, Bribe Branch, Renounce Religion


You were on level 2 of the Lair of Beasts.
You worshipped Gozag.
Gozag was pleased with you.
You were not hungry.

You visited 3 branches of the dungeon, and saw 12 of its levels.

You collected 2766 gold pieces.
You spent 368 gold pieces at shops.
You paid 1490 gold pieces to Gozag.

Inventory:

Hand Weapons
 a - the +9 spear of the Dead (weapon) {holy, SInv}
   (You found it on level 4 of the Dungeon)

   It has been blessed by the Shining One to cause great damage to the undead
   and demons.
   It lets you see invisible.
 h - a +1 hunting sling
Missiles
 i - 451 stones
 j - 76 sling bullets
 n - 181 arrows
 q - 20 poisoned darts
 x - 13 boomerangs (quivered)
 y - 3 atropa-tipped darts
Armour
 b - a +2 ring mail of fire resistance
 z - a +0 cloak (worn)
 D - a +0 shield
 F - a +1 plate armour (worn)
 L - a +0 pair of gloves (worn)
Jewellery
 p - a ring of stealth (right hand)
 u - a ring of poison resistance (left hand)
 v - an uncursed ring of fire
 w - an amulet of the acrobat (around neck)
Wands
 C - a wand of polymorph (8)
 E - a wand of acid (7)
 I - a wand of disintegration (4)
 J - a wand of paralysis (15)
Scrolls
 d - a scroll of torment
 e - a scroll of enchant weapon
 k - a scroll of blinking
 l - 6 scrolls of remove curse
 r - 3 scrolls of immolation
 A - 4 scrolls of amnesia
 B - 4 scrolls of magic mapping
 G - 3 scrolls of teleportation
Potions
 c - a potion of berserk rage
 g - a potion of ambrosia
 m - 2 potions of brilliance
 o - 2 potions of lignification
 s - 3 potions of mutation
 t - 4 potions of curing
 M - a potion of magic
Miscellaneous
 K - a box of beasts
Comestibles
 f - 11 rations


   Skills:
 + Level 7.6 Fighting
 + Level 7.6 Short Blades
 + Level 7.6 Long Blades
 + Level 7.6 Axes
 + Level 7.6 Maces & Flails
 + Level 7.6 Polearms
 + Level 7.6 Staves
 + Level 7.6 Slings
 + Level 7.6 Bows
 + Level 7.6 Crossbows
 + Level 7.6 Throwing
 + Level 7.6 Armour
 + Level 8.0 Dodging
 + Level 7.6 Stealth
 + Level 8.0 Shields
 + Level 8.9 Unarmed Combat
 + Level 8.1 Spellcasting
 + Level 6.3 Conjurations
 + Level 8.4 Hexes
 + Level 6.3 Charms
 + Level 6.3 Summonings
 + Level 6.3 Necromancy
 + Level 6.3 Translocations
 + Level 6.3 Transmutations
 + Level 6.3 Fire Magic
 + Level 6.3 Ice Magic
 + Level 6.3 Air Magic
 + Level 6.3 Earth Magic
 + Level 6.7 Poison Magic
 + Level 8.3 Invocations
 + Level 8.0 Evocations


You had 27 spell levels left.
You didn't know any spells.
Your spell library contained the following spells:

 Spells                   Type           Power        Failure   Level  Hunger
 Slow                     Hex            #####...     13%         2    None
 Magic Dart               Conj           ####         22%         1    None
 Shock                    Conj/Air       ####         22%         1    None
 Summon Small Mammal      Summ           ####         22%         1    None
 Blink                    Tloc           N/A          32%         2    None
 Call Imp                 Summ           ####....     32%         2    None
 Sublimation of Blood     Necr           ####......   32%         2    None
 Swiftness                Chrm/Air       ####....     32%         2    None
 Summon Guardian Golem    Hex/Summ       ####....     38%         3    #......
 Ignite Poison            Fire/Tmut/Pois ####....     52%         3    #......
 Mephitic Cloud           Conj/Pois/Air  ####....     52%         3    #......
 Call Canine Familiar     Summ           ####....     54%         3    #......
 Conjure Flame            Conj/Fire      ####....     54%         3    #......
 Static Discharge         Conj/Air       ####....     54%         3    #......
 Olgreb's Toxic Radiance  Pois           ####....     87%         4    ###....
 Airstrike                Air            ####......   91%         4    ###....
 Dispel Undead            Necr           ####....     91%         4    ###....
 Petrify                  Tmut/Erth      ####....     91%         4    ###....
 Summon Ice Beast         Ice/Summ       ####....     91%         4    ###....
 Summon Lightning Spire   Summ/Air       ####....     91%         4    ###....
 Agony                    Necr           ####....     99%         5    #####..
 Alistair's Intoxication  Tmut/Pois      ####....     99%         5    #####..
 Bolt of Magma            Conj/Fire/Erth ####......   99%         5    #####..
 Irradiate                Conj/Tmut      ####......   99%         5    #####..
 Iskenderun's Battlesphe  Conj/Chrm      ####....     99%         5    #####..
 Lightning Bolt           Conj/Air       ####......   99%         5    #####..
 Eringya's Noxious Bog    Tmut/Pois      ####......   100%        6    ######.
 Iron Shot                Conj/Erth      ####......   100%        6    ######.
 Orb of Destruction       Conj           ####......   100%        7    #######
 Spellforged Servitor     Conj/Summ      ####......   100%        7    #######


Dungeon Overview and Level Annotations

Branches:
Dungeon (9/15)             Temple (1/1) D:5            Lair (2/6) D:9
  Snake (0/4) Lair:2
  Swamp: Lair:2-4    Shoals: Lair:2-4       Orc: D:9-12

Altars:
Ashenzari
Cheibriados
Dithmenos
Elyvilon
Fedhas
Gozag
Hepliaklqana
Kikubaaqudgha
Makhleb
Nemelex Xobeh
Okawaru
Qazlal
Ru
Sif Muna
Trog
Uskayaw
Vehumet
Wu Jian
Xom
Yredelemnul
Zin
The Shining One

Shops:
D:7 ?   D:9 ?

Annotations:
D:3 1 runed translucent door, Crazy Yiuf
D:9 3 runed translucent doors
Lair:2 2 transporters, Wegimaeh's ghost, novice MfGl


Innate Abilities, Weirdness & Mutations

Your experience applies equally to all skills.
You have very sharp teeth.
Your uncanny sense of smell can sniff out nearby items.


Message History

You puncture the death yak!
The death yak is severely wounded.
The death yak barely misses you.
You hit the death yak.
The death yak is severely wounded.
The death yak gores you.
* * * LOW HITPOINT WARNING * * *
You completely miss the death yak. Your bite misses the death yak.
The death yak is severely wounded.
Your plate armour prevents you from hitting the death yak.
The death yak is severely wounded.
The death yak gores you but does no damage.
You puncture the death yak!
The death yak is almost dead.
The death yak gores you but does no damage.
You hit the death yak but do no damage.
The death yak is almost dead.
The death yak gores you!!
You die...
Your body crumbles into a pile of gold.

#.#..##.## #.. #..##..#.####..
##.#....##..... #####........#
####### ##.....##. ###.....###
#.#...#### # ##..)).....# ###..P#
# ###...#)).#...### #..## # #
#.....#.>.#...@.# #P..# #
###.#...#...#..Y#.# ##..##..
##..##.........##.# ###......
#.#.P###.....###..#######......##
......P#######....>.............#
#............P.............#...#.
#..............©..........##....#
#..##....#############....####.##
##...#..####


yWyyy# ###..## #..# You could see a death yak.

Vanquished Creatures
  A hydra (D:9)
  3 death yaks
  A deep troll (D:9)
  Pikel (D:8)
  2 deep elf magi
  Maurice (D:8)
  A black mamba (Lair:1)
  2 spiny frogs
  A troll (D:9)
  6 komodo dragons
  Prince Ribbit (D:8)
  4 blink frogs (Lair:1)
  2 hippogriffs
  26 yaks
  A wraith (D:9)
  5 vampire mosquitoes
  A wyvern (Lair:2)
  A basilisk (Lair:1)
  A steam dragon (D:9)
  5 nagas (Lair:2)
  4 water moccasins
  5 orc warriors
  2 porcupines
  An eye of draining (D:9)
  7 ogres
  8 ice beasts
  2 sky beasts (D:9)
  A phantom (D:7)
  A slave (D:8)
  5 wolves (Lair:1)
  7 centaurs
  6 crocodiles
  A wyvern zombie (D:8)
  8 bullfrogs
  2 scorpions
  6 killer bees
  14 wights
  2 howler monkeys
  4 crimson imps
  A bullfrog zombie (D:6)
  A centaur zombie (D:9)
  A quasit (D:9)
  3 orc priests (D:6)
  3 bullfrog skeletons
  A gnoll shaman (D:4)
  3 hounds
  A jelly (D:6)
  2 centaur skeletons (D:4)
  8 orc wizards
  Jessica (D:3)
  5 iguanas
  9 worker ants
  A hound zombie (D:8)
  A hound skeleton (D:7)
  6 gnolls
  2 howler monkey skeletons
  13 adders
  A shadow imp (D:6)
  3 adder zombies
  6 worms
  5 dart slugs
  3 leopard geckos
  32 orcs
  A giant cockroach (D:4)
  7 goblins
  3 hobgoblins
  23 jackals
  12 kobolds
  3 quokkas
  3 ball pythons
  3 bats (D:1)
  13 frilled lizards
  A quokka skeleton (D:4)
  8 rats
341 creatures vanquished.

Vanquished Creatures (others)
  An iguana (D:8)
  A fungus (Lair:1)
  6 plants
8 creatures vanquished.

Grand Total: 349 creatures vanquished

Notes
Turn   | Place    | Note
-------+----------+-------------------------------------------
     0 | D:1      | Delarado the Gnoll Wanderer began the quest for the Orb.
     0 | D:1      | Delarado set off with the following items: a +0
                  | quarterstaff, a potion of heal wounds, a potion of berserk
                  | rage, a +0 robe, a ration
     0 | D:1      | Reached XP level 1. HP: 13/13 MP: 4/4
    10 | D:1      | Noticed a centaur
   292 | D:1      | Reached XP level 2. HP: 19/19 MP: 5/5
   506 | D:1      | Reached XP level 3. HP: 3/25 MP: 7/7
   819 | D:1      | Reached skill level 1 in Invocations
  1358 | D:2      | Found a sparkling altar of Nemelex Xobeh.
  1381 | D:2      | Reached skill level 1 in Fighting
  1381 | D:2      | Reached skill level 1 in Short Blades
  1381 | D:2      | Reached skill level 1 in Long Blades
  1381 | D:2      | Reached skill level 1 in Axes
  1381 | D:2      | Reached skill level 1 in Maces & Flails
  1381 | D:2      | Reached skill level 1 in Polearms
  1381 | D:2      | Reached skill level 1 in Staves
  1381 | D:2      | Reached skill level 1 in Slings
  1381 | D:2      | Reached skill level 1 in Bows
  1381 | D:2      | Reached skill level 1 in Crossbows
  1381 | D:2      | Reached skill level 1 in Throwing
  1381 | D:2      | Reached skill level 1 in Armour
  1381 | D:2      | Reached skill level 1 in Stealth
  1447 | D:2      | Reached XP level 4. HP: 28/32 MP: 8/8
  1669 | D:2      | Found a blossoming altar of Fedhas.
  1688 | D:2      | Reached skill level 1 in Conjurations
  1688 | D:2      | Reached skill level 1 in Charms
  1688 | D:2      | Reached skill level 1 in Summonings
  1688 | D:2      | Reached skill level 1 in Necromancy
  1688 | D:2      | Reached skill level 1 in Translocations
  1688 | D:2      | Reached skill level 1 in Transmutations
  1688 | D:2      | Reached skill level 1 in Fire Magic
  1688 | D:2      | Reached skill level 1 in Ice Magic
  1688 | D:2      | Reached skill level 1 in Air Magic
  1688 | D:2      | Reached skill level 1 in Earth Magic
  2750 | D:3      | Reached XP level 5. HP: 37/37 MP: 9/9
  3277 | D:3      | Noticed Jessica
  3559 | D:3      | Killed Jessica
  3559 | D:3      | Reached XP level 6. HP: 44/44 MP: 10/10
  3594 | D:3      | Found a runed translucent door.
  3595 | D:3      | Noticed Crazy Yiuf
  4219 | D:4      | Reached skill level 5 in Unarmed Combat
  4421 | D:4      | Found a radiant altar of Vehumet.
  4422 | D:4      | Found a hazy altar of Hepliaklqana.
  4423 | D:4      | Found a stormy altar of Qazlal.
  4467 | D:4      | Reached XP level 7. HP: 16/50 MP: 12/12
  5209 | D:4      | Got a scorched spear
  5210 | D:4      | Identified the +9 spear of the Dead {holy, SInv} (You found
                  | it on level 4 of the Dungeon)
  5556 | D:5      | Entered Level 5 of the Dungeon
  5651 | D:5      | Found a staircase to the Ecumenical Temple.
  5661 | Temple   | Entered the Ecumenical Temple
  5802 | Temple   | Became a worshipper of Gozag Ym Sagoz the Greedy
  5880 | D:5      | Found an ancient bone altar of Kikubaaqudgha.
  6022 | D:5      | Reached XP level 8. HP: 46/57 MP: 14/14
  7090 | D:6      | Reached XP level 9. HP: 65/65 MP: 14/16
  8133 | D:7      | Reached skill level 5 in Spellcasting
  8222 | D:7      | Reached skill level 5 in Dodging
  8222 | D:7      | Reached skill level 5 in Shields
  8222 | D:7      | Reached skill level 5 in Evocations
  9058 | D:7      | Reached skill level 5 in Invocations
  9399 | D:7      | Reached XP level 10. HP: 28/73 MP: 18/18
 10195 | D:7      | Bought a scroll of identify for 32 gold pieces
 10195 | D:7      | Bought a scroll of teleportation for 48 gold pieces
 10195 | D:7      | Bought a scroll of blinking for 120 gold pieces
 10195 | D:7      | Bought a scroll of enchant armour for 120 gold pieces
 10195 | D:7      | Bought a scroll of teleportation for 48 gold pieces
 10331 | D:8      | Noticed Pikel
 10356 | D:8      | Killed Pikel
 10356 | D:8      | Reached skill level 5 in Fighting
 10356 | D:8      | Reached skill level 5 in Short Blades
 10356 | D:8      | Reached skill level 5 in Long Blades
 10356 | D:8      | Reached skill level 5 in Axes
 10356 | D:8      | Reached skill level 5 in Maces & Flails
 10356 | D:8      | Reached skill level 5 in Polearms
 10356 | D:8      | Reached skill level 5 in Staves
 10356 | D:8      | Reached skill level 5 in Slings
 10356 | D:8      | Reached skill level 5 in Bows
 10356 | D:8      | Reached skill level 5 in Crossbows
 10356 | D:8      | Reached skill level 5 in Throwing
 10356 | D:8      | Reached skill level 5 in Armour
 10356 | D:8      | Reached skill level 5 in Stealth
 10568 | D:8      | Noticed Prince Ribbit
 10585 | D:8      | Noticed Maurice
 11204 | D:8      | Killed Prince Ribbit
 11820 | D:8      | Killed Maurice
 11820 | D:8      | Reached skill level 5 in Poison Magic
 12253 | D:8      | Noticed a deep elf mage
 12263 | D:8      | Killed a deep elf mage
 12458 | D:8      | Got a scorched garnet amulet
 12460 | D:8      | Identified the amulet of Lutak {Gourm rPois Str+4 Dex-3
                  | SInv} (You found it on level 8 of the Dungeon)
 12604 | D:9      | Noticed a two-headed ogre
 12605 | D:9      | Noticed a deep troll
 12605 | D:9      | a two-headed ogre changed into a deep troll
 12617 | D:9      | Killed a deep troll
 12617 | D:9      | Reached XP level 11. HP: 48/81 MP: 20/20
 12803 | D:9      | Found a staircase to the Lair.
 12984 | D:9      | Noticed a centaur warrior
 13350 | D:9      | Found a sacrificial altar of Ru.
 13667 | D:9      | Reached skill level 5 in Conjurations
 13667 | D:9      | Reached skill level 5 in Charms
 13667 | D:9      | Reached skill level 5 in Summonings
 13667 | D:9      | Reached skill level 5 in Necromancy
 13667 | D:9      | Reached skill level 5 in Translocations
 13667 | D:9      | Reached skill level 5 in Transmutations
 13667 | D:9      | Reached skill level 5 in Fire Magic
 13667 | D:9      | Reached skill level 5 in Ice Magic
 13667 | D:9      | Reached skill level 5 in Air Magic
 13667 | D:9      | Reached skill level 5 in Earth Magic
 14248 | D:9      | Found a runed translucent door.
 14336 | D:9      | Noticed a deep elf mage
 14350 | D:9      | Killed a deep elf mage
 14386 | D:9      | Found a runed translucent door.
 14388 | D:9      | Found a runed translucent door.
 14507 | D:9      | Noticed a six-headed hydra
 15652 | D:9      | Killed a six-headed hydra
 16001 | Lair:1   | Entered Level 1 of the Lair of Beasts
 16378 | Lair:1   | Reached XP level 12. HP: 89/89 MP: 23/23
 19028 | Lair:2   | Found a staircase to the Snake Pit.
 19050 | Lair:2   | Got a dazzling chain mail
 19111 | Lair:1   | Identified the cursed +0 chain mail of the Jackalope {rN+
                  | MP+9 Dex-5} (You found it on level 2 of the Lair of Beasts)
 19154 | Lair:2   | Identified the Guide on Stolen Souls and Contamination
 19428 | Lair:2   | Noticed a death yak
 19436 | Lair:2   | Killed a death yak
 19437 | Lair:2   | Noticed a death yak
 19438 | Lair:2   | Noticed a death yak
 19439 | Lair:2   | Noticed a death yak
 19442 | Lair:2   | Killed a death yak
 19499 | Lair:1   | Killed a death yak
 20305 | Lair:2   | Found a transporter.
 20308 | Lair:2   | Found a transporter.
 20410 | Lair:2   | Noticed Wegimaeh's ghost (novice MfGl)
 20440 | Lair:2   | Slain by a death yak

Levels and vault maps discovered:
D:1:      evilmike_arrival_come_back, layout_loops_ring
D:2:      layout_loops_cross, nemelex_xobeh_ov_fountains_minmay,
          old_standard_altar, first_ration
D:3:      layout_loops_ring, uniq_jessica, uniq_crazy_yiuf_cottage
D:4:      layout_gridville, grunt_temple_overflow_open
D:5:      layout_cave_pools, kiku_gazebo_pond_becter,
          minmay_temple_entry_gardened_gates, hex_medium, minivault_26,
          st_stairs_1, saegor_snake_ambush
D:6:      layout_basic
D:7:      minmay_angry_zag, layout_loops_ring, grunt_ogre_cave
D:8:      lemuel_ice_spiral_2, layout_basic, minmay_diamond_spiral, uniq_pikel,
          uniq_maurice, uniq_prince_ribbit1
D:9:      minmay_the_grid_triangle_9x9_recursive_2_mashed
          [minmay_the_grid_triangle_9x9_prize_top_heavy,
          minmay_the_grid_triangle_9x9_stretched_checkered,
          minmay_the_grid_triangle_9x9_fully_insulated_deathbox,
          minmay_the_grid_triangle_9x9_from_above], layout_basic, basic_altar
Temple:   nicolae_temple_elliptical
Lair:1:   beast_lair_carwin_large_2, layout_small_grid,
          nicolae_quartered_pool_super
Lair:2:   layout_layer_cave, minmay_snake_entry_guardpost_medium,
          gammafunk_ghost_hive, lemuel_fruit_tree, infiniplex_staircase_pool

Skill      XL: |  1  2  3  4  5  6  7  8  9 10 11 12 |
---------------+-------------------------------------+-----
Poison Magic   | 2 3 4 5 6 |  6.7
Invocations    | 1 2 3 4 5 6 7 8 |  8.3
Fighting       | 1 2 3 4 5 6 7 |  7.6
Short Blades   | 1 2 3 4 5 6 7 |  7.6
Long Blades    | 1 2 3 4 5 6 7 |  7.6
Axes           | 1 2 3 4 5 6 7 |  7.6
Maces & Flails | 1 2 3 4 5 6 7 |  7.6
Polearms       | 1 2 3 4 5 6 7 |  7.6
Staves         | 1 2 3 4 5 6 7 |  7.6
Slings         | 1 2 3 4 5 6 7 |  7.6
Bows           | 1 2 3 4 5 6 7 |  7.6
Crossbows      | 1 2 3 4 5 6 7 |  7.6
Throwing       | 1 2 3 4 5 6 7 |  7.6
Armour         | 1 2 3 4 5 6 7 |  7.6
Stealth        | 1 2 3 4 5 6 7 |  7.6
Spellcasting   | 3 4 5 6 7 8 |  8.1
Conjurations   | 1 2 3 4 5 6 |  6.3
Charms         | 1 2 3 4 5 6 |  6.3
Summonings     | 1 2 3 4 5 6 |  6.3
Necromancy     | 1 2 3 4 5 6 |  6.3
Translocations | 1 2 3 4 5 6 |  6.3
Transmutations | 1 2 3 4 5 6 |  6.3
Fire Magic     | 1 2 3 4 5 6 |  6.3
Ice Magic      | 1 2 3 4 5 6 |  6.3
Air Magic      | 1 2 3 4 5 6 |  6.3
Earth Magic    | 1 2 3 4 5 6 |  6.3
Dodging        | 3 4 5 6 7 8 |  8.0
Shields        | 3 4 5 6 7 8 |  8.0
Evocations     | 3 4 5 6 7 8 |  8.0
Unarmed Combat | 5 6 7 8 |  8.9
Hexes          | 6 7 8 |  8.4

Action                   |  1- 3 |  4- 6 |  7- 9 | 10-12 || total
-------------------------+-------+-------+-------+-------++-------
Melee: Quarterstaff      |    75 |     5 |       |       ||    80
       Bite              |     4 |    18 |    31 |    86 ||   139
       Rapier            |       |   110 |    16 |       ||   126
       Spear             |       |       |   317 |   766 ||  1083
       Punch             |       |       |     1 |    22 ||    23
 Fire: Hunting sling     |   102 |   141 |   102 |       ||   345
Throw: Dart              |       |       |    59 |    54 ||   113
       Boomerang         |       |       |    33 |   104 ||   137
Invok: Call Merchant     |       |       |       |     2 ||     2
       Potion Petition   |       |       |       |     1 ||     1
Evoke: Wand              |       |       |       |    28 ||    28
  Use: Potion            |     1 |     3 |       |     4 ||     8
       Scroll            |       |     2 |     9 |    13 ||    24
 Stab: Sleeping          |     1 |       |       |       ||     1
       Distracted        |       |       |     2 |     2 ||     4
       Paralysed         |       |       |       |     6 ||     6
  Eat: Chunk             |     2 |     9 |     5 |       ||    16
       Ration            |       |       |     3 |    11 ||    14
Armor: Robe              |    14 |       |       |       ||    14
       Ring mail         |    17 |    45 |    19 |       ||    81
       Plate armour      |       |       |    91 |   251 ||   342
Dodge: Dodged            |   101 |   102 |    93 |   202 ||   498

Table legend:
 A = Non-vault XP
 B = Vault XP
 C = Vault XP percentage of total XP
 D = Non-vault monster count
 E = Vault monster count
 F = Vault count percentage of total count
                 A         B        C        D         E       F
            +---------+---------+-------+---------+---------+-------
      Total |   22751 |    7771 |  25.5 |     300 |      40 |  11.8
            +---------+---------+-------+---------+---------+-------
        D:1 |      71 |       0 |   0.0 |      39 |       0 |   0.0
        D:2 |     107 |       0 |   0.0 |      22 |       0 |   0.0
        D:3 |     157 |      37 |  19.1 |      20 |       1 |   4.8
        D:4 |     683 |       0 |   0.0 |      25 |       0 |   0.0
        D:5 |     390 |     233 |  37.4 |      21 |       3 |  12.5
        D:6 |    1328 |       0 |   0.0 |      41 |       0 |   0.0
        D:7 |    1714 |     396 |  18.8 |      32 |       4 |  11.1
        D:8 |    3167 |    2324 |  42.3 |      29 |       7 |  19.4
        D:9 |    4726 |    2753 |  36.8 |      29 |      14 |  32.6
     Lair:1 |    5893 |    1220 |  17.2 |      26 |       6 |  18.8
     Lair:2 |    4515 |     808 |  15.2 |      16 |       5 |  23.8
            +---------+---------+-------+---------+---------+-------
